 Dungeon Crawl Stone Soup version 0.20.0-1-g1cb1d84 (webtiles) character file.

3265 HungrySpirit the Basher (level 10, -2/66 HPs)
             Began as a Gargoyle Fighter on May 26, 2017.
             Was a Priest of Okawaru.
             Slain by an orc
             ... wielding a +0 trident
              (3 damage)
             ... on level 9 of the Dungeon.
             The game lasted 00:08:08 (6945 turns).

HungrySpirit the Basher (Gargoyle Fighter)          Turns: 6945, Time: 00:08:08

Health: -2/66      AC: 17    Str: 21    XL:     10   Next: 0%
Magic:  8/10       EV:  9    Int: 14    God:    Okawaru [***...]
Gold:   259        SH:  0    Dex: 10    Spells: 9/9 levels left

rFire    . . .     SeeInvis .   a - +0 flail
rCold    . . .     Gourm    .   (no shield)
rNeg     + . .     Faith    .   b - +0 scale mail
rPois    ∞         Spirit   .   (no helmet)
rElec    +         Reflect  .   (no cloak)
rCorr    .         Harm     .   y - +2 pair of gloves
MR       .....     Clarity  +   (no boots)
Stlth    ..........             (no amulet)
Regen    0.3/turn               (no ring)
MPRegen  0.2/turn               (no ring)

@: no status effects
A: clarity, clever 2, negative energy resistance 1, electricity resistance,
unbreathing, petrification resistance, rot immunity, MP-powered wands, AC +7
a: Heroism, Renounce Religion


You were on level 9 of the Dungeon.
You worshipped Okawaru.
Okawaru was most pleased with you.
You were not hungry.

You visited 2 branches of the dungeon, and saw 9 of its levels.

You collected 259 gold pieces.

Inventory:

Hand Weapons
 a - a +0 flail (weapon)
Armour
 b - a +0 scale mail (worn)
 c - a +0 shield
 y - a +2 pair of gloves (worn)
Wands
 w - a wand of disintegration (10/24)
Scrolls
 e - 2 scrolls of amnesia {unknown}
 g - 2 scrolls of recharging {unknown}
 h - a scroll of fog {unknown}
 i - a scroll of enchant weapon {unknown}
 l - 8 scrolls of identify {unknown}
 m - 2 scrolls of enchant armour {unknown}
 p - 2 scrolls of remove curse {unknown}
 q - 4 scrolls of teleportation
 x - a scroll of random uselessness {unknown}
 A - 3 scrolls of fear {unknown}
Potions
 d - 2 potions of might
 j - a potion of mutation
 k - a potion of heal wounds
 s - a potion of haste {unknown}
 t - a potion of ambrosia {unknown}
 u - a potion of magic {unknown}
 v - 2 potions of curing {unknown}
Books
 B - a book of Flames

   Spells                             Type                      Level
   a - Flame Tongue                   Conjuration/Fire             1
   b - Throw Flame                    Conjuration/Fire             2
   c - Conjure Flame                  Conjuration/Fire             3
   d - Inner Flame                    Hexes/Fire                   3
   e - Sticky Flame                   Conjuration/Fire             4
   f - Fireball                       Conjuration/Fire             5
Comestibles
 f - 3 bread rations
 n - 2 meat rations
 o - 3 fruits
 r - 3 royal jellies
 z - 2 chunks of flesh


   Skills:
 + Level 9.3 Fighting
 * Level 11.2 Maces & Flails
 - Level 3.2 Armour
 - Level 3.2 Shields


You had 9 spell levels left.
You didn't know any spells.

Dungeon Overview and Level Annotations

Branches:
Dungeon (7/15)             Temple (1/1) D:4

Altars:
Ashenzari
Dithmenos
Elyvilon
Fedhas
Kikubaaqudgha
Makhleb
Nemelex Xobeh
Okawaru
Ru
Sif Muna
Uskayaw
Vehumet
Yredelemnul
Zin
The Shining One


Innate Abilities, Weirdness & Mutations

You are resistant to torment.
Your stone body is resilient. (AC +7)
You are immune to poison.
You resist negative energy. (rN+)
You are resistant to electric shocks. (rElec)
You can survive without breathing.
You are immune to petrification.
You are immune to rotting.
You possess an exceptional clarity of mind.
Your mind is very acute. (Int +4)
You expend magic power (3 MP) to strengthen your wands.


Message History

Okawaru accepts your kill. The orc hits you but does no damage.
You sock the yak!
The yak is moderately wounded.
The yak gores you.
You hit the yak.
The yak is heavily wounded.
The orc hits you from afar with a trident.
* * * LOW HITPOINT WARNING * * *
The yak gores you!
* * * LOW HITPOINT WARNING * * *
You thump the yak!
The yak is severely wounded.
The orc hits you but does no damage. The yak gores you!
* * * LOW HITPOINT WARNING * * *
You hit the yak.
The yak is severely wounded.
The yak gores you but does no damage.
The orc hits you from afar with a trident.
You die...

#...#
.#####...#
.........##
#.Y..# #....#
#Y...# .
#....#
....#####o...#
.......@Yoo..#
###..#########
#


You could see a yak, an orc wizard and 2 orcs.

Vanquished Creatures
  The ghost of Haldmier the Slicer, a novice KoHu (D:5)
  A centaur skeleton (D:6)
  4 yaks (D:9)
  Eustachio (D:5)
  An orc warrior (D:5)
  2 phantoms (D:5)
  3 sky beasts
  3 ogres
  2 bullfrogs (D:6)
  4 scorpions
  A howler monkey (D:4)
  2 crimson imps
  2 orc priests
  A bullfrog skeleton (D:4)
  5 hounds
  An iguana (D:3)
  3 orc wizards
  3 worker ants
  A hound skeleton (D:5)
  A worker ant zombie (D:6)
  Robin (D:3)
  4 gnolls (D:4)
  8 adders
  A shadow imp (D:6)
  A dart slug (D:1)
  4 worms
  2 leopard geckos (D:6)
  19 orcs
  3 giant cockroaches
  13 goblins
  11 hobgoblins
  6 jackals
  8 kobolds
  A quokka (D:5)
  A ball python (D:2)
  7 bats
  6 frilled lizards
  2 rats
  2 plants (D:1)
142 creatures vanquished.

Notes
Turn   | Place    | Note
-------+----------+-------------------------------------------
     0 | D:1      | HungrySpirit the Gargoyle Fighter began the quest for the Orb.
     0 | D:1      | Reached XP level 1. HP: 14/14 MP: 1/1
   453 | D:1      | Reached XP level 2. HP: 6/19 MP: 2/2
  1360 | D:2      | Reached XP level 3. HP: 24/24 MP: 3/3
  1440 | D:2      | Reached skill level 3 in Maces & Flails
  2241 | D:3      | Reached XP level 4. HP: 21/30 MP: 4/4
  2388 | D:3      | Found a sparkling altar of Nemelex Xobeh.
  2398 | D:3      | Noticed a sky beast
  2446 | D:3      | Killed a sky beast
  2446 | D:3      | Reached skill level 4 in Maces & Flails
  2446 | D:3      | Reached XP level 5. HP: 8/34 MP: 5/5
  2688 | D:3      | Noticed Robin
  2741 | D:3      | Reached skill level 5 in Fighting
  2758 | D:3      | Reached XP level 6. HP: 35/40 MP: 6/6
  2761 | D:3      | Reached skill level 5 in Maces & Flails
  2777 | D:3      | Killed Robin
  3589 | D:4      | Found a staircase to the Ecumenical Temple.
  3595 | D:4      | Noticed Eustachio
  4008 | D:4      | Reached skill level 6 in Maces & Flails
  4008 | D:4      | Reached XP level 7. HP: 43/44 MP: 7/7
  4018 | Temple   | Entered the Ecumenical Temple
  4053 | Temple   | Became a worshipper of Warmaster Okawaru
  4447 | D:5      | Entered Level 5 of the Dungeon
  4491 | D:5      | Killed Eustachio
  4491 | D:5      | Reached * piety under Okawaru
  4491 | D:5      | Reached skill level 7 in Maces & Flails
  4671 | D:5      | Reached XP level 8. HP: 48/52 MP: 8/8
  4689 | D:5      | Noticed Haldmier's ghost (novice KoHu)
  4714 | D:5      | Killed Haldmier's ghost
  4714 | D:5      | Reached skill level 8 in Maces & Flails
  5144 | D:5      | Reached skill level 9 in Maces & Flails
  5570 | D:5      | Gained mutation: You possess an exceptional clarity of mind. [potion of mutation]
  5570 | D:5      | Gained mutation: You expend magic power (3 MP) to strengthen your wands. [potion of mutation]
  5570 | D:5      | Gained mutation: Your mind is acute. (Int +2) [potion of mutation]
  5570 | D:5      | Gained mutation: Your mind is very acute. (Int +4) [potion of mutation]
  5579 | D:5      | Reached ** piety under Okawaru
  5579 | D:5      | Reached XP level 9. HP: 59/59 MP: 9/9
  6015 | D:6      | Reached skill level 10 in Maces & Flails
  6888 | D:7      | You fall through a shaft for 2 floors!
  6924 | D:9      | Reached *** piety under Okawaru
  6931 | D:9      | Reached skill level 11 in Maces & Flails
  6939 | D:9      | Reached XP level 10. HP: 23/66 MP: 7/10
  6944 | D:9      | HP: 1/66 [yak (9)]
  6945 | D:9      | Slain by an orc

Skill      XL: |  1  2  3  4  5  6  7  8  9 |
---------------+----------------------------+-----
Fighting       | 4 5 6 7 9 |  9.3
Maces & Flails | 3 4 6 7 9 11 | 11.2
Armour         | |  3.2
Shields        | |  3.2

Action                   |  1- 3 |  4- 6 |  7- 9 | 10-12 || total
-------------------------+-------+-------+-------+-------++-------
Melee: Flail             |   170 |   196 |   350 |     6 ||   722
       Punch             |       |       |     1 |       ||     1
Invok: Heroism           |       |       |     3 |       ||     3
  Use: Scroll            |       |     1 |       |       ||     1
       Potion            |       |       |     7 |       ||     7
  Eat: Chunk             |     4 |     5 |     9 |       ||    18
       Royal jelly       |       |       |     1 |       ||     1
Armor: Scale mail        |    70 |   155 |   142 |     4 ||   371
       Skin              |       |       |     1 |       ||     1
Dodge: Dodged            |    59 |    95 |   106 |       ||   260
Block: Shield            |    21 |       |       |       ||    21
